 Dungeon Crawl Stone Soup version 0.24.0 (webtiles) character file.

Game seed: 5963146372699945114, levelgen mode: deterministic

67 Mrkan the Ruffian (level 3, 0/33 HPs)
             Began as a Troll Monk on Oct 25, 2019.
             Was a Believer of Hepliaklqana.
             Slain by a gnoll
             ... wielding a +1 flail of protection
              (7 damage)
             ... on level 3 of the Dungeon.
             The game lasted 00:03:57 (1555 turns).

Mrkan the Ruffian (Troll Monk)                      Turns: 1555, Time: 00:03:57

Health: 0/33       AC:  6    Str: 20    XL:     3   Next: 98%
Magic:  2/2        EV: 10    Int:  6    God:    Hepliaklqana [**....]
Gold:   82         SH:  0    Dex: 12    Spells: 2/2 levels left

rFire    . . .     SeeInvis .     - Unarmed
rCold    . . .     Gourm    +   (no shield)
rNeg     . . .     Faith    .   a - +0 robe
rPois    .         Spirit   .   (helmet restricted)
rElec    .         Reflect  .   (no cloak)
rCorr    .         Harm     .   (gloves unavailable)
MR       .....                  (boots unavailable)
Stlth    ++........             (no amulet)
HPRegen  0.51/turn              (no ring)
MPRegen  0.08/turn              (no ring)

@: no status effects
A: large, unfitting armour, reduced essence, claws 3, fast metabolism 3,
gourmand, regeneration 1, shaggy fur 1, tough skin 3
a: Recall Ancestor, Ancestor Identity, Renounce Religion


You were on level 3 of the Dungeon.
You worshipped Hepliaklqana.
Hepliaklqana was pleased with you.
You were not hungry.

You visited 1 branch of the dungeon, and saw 3 of its levels.

You collected 82 gold pieces.

Inventory:

Missiles
 h - 99 stones (quivered)
Armour
 a - a +0 robe (worn)
 m - a +0 large shield
Jewellery
 c - an uncursed ring of flight {unknown}
 g - a cursed ring of attention {unknown}
Scrolls
 d - 2 scrolls of remove curse {unknown}
 e - a scroll of noise {unknown}
 i - 2 scrolls of fear {unknown}
 j - a scroll of random uselessness {unknown}
 k - 2 scrolls of amnesia {unknown}
 o - a scroll of enchant weapon {unknown}
 q - a scroll of teleportation {unknown}
 r - a scroll of identify {unknown}
Potions
 f - a potion of agility {unknown}
 l - 3 potions of heal wounds {unknown}
 n - a potion of haste {unknown}
 p - 3 potions of curing {unknown}
Comestibles
 b - 6 rations


   Skills:
 + Level 3.0 Fighting
 - Level 2.4 Dodging
 - Level 1.0 Stealth
 * Level 4.3 Unarmed Combat


You had 2 spell levels left.
You didn't know any spells.
Your spell library was empty.

Dungeon Overview and Level Annotations

Branches:
Dungeon (3/15)

Altars:
Hepliaklqana
Okawaru


Innate Abilities, Weirdness & Mutations

You are too large for most types of armour.
You have claws for hands.
Your metabolism is lightning-fast.
You like to eat raw meat.
Your natural rate of healing is unusually fast.
You are covered in fur. (AC +1)
You have extremely tough skin. (AC +3)
Your life essence is reduced to manifest your ancestor. (-10% HP)


Message History

You swap places.
The gnoll hits you but does no damage.
You claw the gnoll!
The gnoll is heavily wounded.
You scratch the gnoll.
The gnoll is severely wounded.
The gnoll closely misses you.
You barely miss the gnoll.
The gnoll is severely wounded.
The gnoll closely misses you.
You barely miss the gnoll.
The gnoll is severely wounded.
The gnoll hits you with a +0 halberd!!
Ouch! That really hurt!
* * * LOW HITPOINT WARNING * * *
You claw the gnoll!
You kill the gnoll!
You scratch the gnoll.
The gnoll is heavily wounded.
The gnoll hits you with a +1 flail of protection!
You die...

# .# ####..#
#rg...#
##g##..#
#####g#.##.#
#...@###.. ..
#....R#.##.###
####.#.## #
#....##.#
#.......#
##...####
###รท# #)##
#..#


You could see the friendly Keminub the hexer, 3 gnolls and a rat.

Vanquished Creatures
  A gnoll (D:3)
  An adder (D:3)
  2 oozes (D:1)
  2 dart slugs (D:1)
  A leopard gecko (D:2)
  5 bats
  3 goblins
  5 hobgoblins
  3 jackals (D:1)
  2 kobolds
  A frilled lizard (D:1)
  7 rats
33 creatures vanquished.

Vanquished Creatures (collateral kills)
  A rat (D:2)
1 creature vanquished.

Grand Total: 34 creatures vanquished

Notes
Turn   | Place    | Note
-------+----------+-------------------------------------------
     0 | D:1      | Mrkan the Troll Monk began the quest for the Orb.
     0 | D:1      | Reached XP level 1. HP: 22/22 MP: 0/0
    39 | D:1      | Reached XP level 2. HP: 29/29 MP: 1/1
   495 | D:1      | Reached XP level 3. HP: 30/36 MP: 2/2
   643 | D:1      | Reached skill level 4 in Unarmed Combat
  1220 | D:2      | Found a hazy altar of Hepliaklqana.
  1221 | D:2      | Found an iron altar of Okawaru.
  1278 | D:2      | Became a worshipper of Hepliaklqana the Forgotten
  1278 | D:2      | Reached * piety under Hepliaklqana
  1278 | D:2      | Reached ** piety under Hepliaklqana
  1279 | D:2      | Remembered your ancestor Keminub as a hexer
  1555 | D:3      | Slain by a gnoll

Levels and vault maps discovered:
D:1:      nicolae_arrival_somewhat_less_tricky_arrival, layout_basic,
          minmay_three_crescents
D:2:      layout_rooms, gammafunk_temple_overflow_statue
D:3:      layout_loops_ring, led_sif_pool, gammafunk_ghost_nasty_kobolds,
          first_ration
